 Dungeon Crawl Stone Soup version 0.26.1-11-gd32895ea62 (webtiles) character file.

Game seed: 9004696978745718290

51 ubername the Chiller (level 3, -2/24 HPs)
             Began as a Barachi Ice Elementalist on July 6, 2021.
             Slain by a black bear (3 damage)
             ... on level 2 of the Dungeon.
             The game lasted 00:02:55 (2239 turns).

ubername the Chiller (Barachi Ice Elementalist)     Turns: 2239, Time: 00:02:55

Health: -2/24      AC:  9    Str:  9    XL:     3   Next: 83%
Magic:  0/7        EV: 12    Int: 16    God:
Gold:   71         SH:  0    Dex: 12    Spells: 0/7 levels left

rFire    . . .     SeeInvis .   d - +1 dagger
rCold    . . .     Faith    .   (no shield)
rNeg     . . .     Spirit   .   a - +1 robe
rPois    .         Reflect  .   (no helmet)
rElec    .         Harm     .   (no cloak)
rCorr    .         Rampage  .   (no gloves)
Will     .....                  (no boots)
Stlth    ++........             (no amulet)
HPRegen  0.08/turn              (no ring)
MPRegen  0.10/turn              (no ring)

@: icy armour, about to teleport, slow
A: +LOS, swims, slowness 1, strong legs 1
a: Hop


You were on level 2 of the Dungeon.
You visited 1 branch of the dungeon, and saw 2 of its levels.

You collected 71 gold pieces.

Inventory:

Hand Weapons
 d - a +1 dagger (weapon)
Missiles
 g - 45 stones
Armour
 a - a +1 robe (worn)
Jewellery
 f - an uncursed ring of stealth {unknown}
Scrolls
 c - a scroll of identify {unknown}
 h - 2 scrolls of remove curse


   Skills:
 + Level 0.3 Fighting
 + Level 2.4 Dodging
 + Level 2.1 Stealth
 + Level 2.8 Spellcasting
 + Level 5.6 Ice Magic


You couldn't memorise any spells.
You knew the following spells:

 Your Spells              Type           Power        Failure   Level
a - Freeze                Ice            80%          1%          1
b - Frozen Ramparts       Ice            40%          5%          3
c - Ozocubu's Armour      Ice            20%          5%          3

Your spell library contained the following spells:

 Spells                   Type           Power        Failure   Level
 Hailstorm                Conj/Ice       11%          52%         4
 Summon Ice Beast         Ice/Summ       11%          52%         4


Dungeon Overview and Level Annotations

Branches:
Dungeon (2/15)

Altars:
Fedhas


Innate Abilities, Weirdness & Mutations

You can be seen from farther away. (+LOS)
You can swim through water.
You cover ground slowly.
You can hop short distances.


Message History

The black bear claws you but does no damage.
The black bear bites you!
* * * LOW HITPOINT WARNING * * *
The black bear claws you but does no damage.
The black bear barely misses you.
You aren't carrying any potions.
As you read the scroll labelled TOECKOZ XUNI, it crumbles to dust.
You feel strangely unstable.
It was a scroll of teleportation.
The black bear misses you.
The black bear claws you but does no damage.
The black bear closely misses you.
Casting: Freeze (safe; 1% risk of failure)
Confirm with . or Enter, or press ? or * to list all spells.
Okay, then.
Unknown command.
The black bear bites you but does no damage.
The black bear barely misses you. x2
The black bear bites you but does no damage.
The black bear claws you.
You die...

#.................#
#.#
+.................#
#.#
#.................#
#.#
#.................#
#.#
#..............####
#.#
##..............#
#.##
...........[....#
#...
...###...########
#### .. #....@#
#...h## ###. #(....
#... #..... #.#.
#..... # #.....
#..... #.....
######


You could see a black bear (berserk).

Vanquished Creatures
  3 adders (D:2)
  An ooze (D:2)
  A worm (D:2)
  A dart slug (D:1)
  A leopard gecko (D:1)
  A hobgoblin (D:1)
  2 kobolds
  2 bats (D:1)
  A frilled lizard (D:2)
  4 goblins
  2 rats (D:2)
19 creatures vanquished.

Vanquished Creatures (others)
  3 fungi (D:2)
3 creatures vanquished.

Grand Total: 22 creatures vanquished

Notes
Turn   | Place    | Note
-------+----------+-------------------------------------------
     0 | D:1      | ubername the Barachi Ice Elementalist began the quest for
                  | the Orb.
     0 | D:1      | Reached XP level 1. HP: 13/13 MP: 3/3
   526 | D:1      | Reached skill level 5 in Ice Magic
   662 | D:1      | Reached XP level 2. HP: 12/19 MP: 0/5
  1779 | D:2      | Found a blossoming altar of Fedhas.
  1796 | D:2      | Reached XP level 3. HP: 18/24 MP: 2/6
  2059 | D:2      | Learned a level 3 spell: Frozen Ramparts
  2063 | D:2      | Learned a level 3 spell: Ozocubu's Armour
  2223 | D:2      | Noticed a black bear
  2237 | D:2      | HP: 1/24 [black bear (7)]
  2239 | D:2      | Slain by a black bear

Illustrated notes

Levels and vault maps discovered:
D:1:      sevenhm_arrival_forest_fort_large_4, layout_loops_corners,
          minmay_misc_feat_encased, glass_columns_c
D:2:      layout_basic, fedhas_altar_3

Skill      XL: |  1  2 |
---------------+-------+-----
Ice Magic      | 5 |  5.6
Stealth        | 2 |  2.1
Fighting       | |  0.3
Dodging        | |  2.4
Spellcasting   | |  2.8

Action                   || total
-------------------------++-------
Melee: Dagger            ||    17
 Cast: Freeze            ||    33
       Frozen Ramparts   ||     2
       Ozocubu's Armour  ||     1
  Use: Scroll            ||     4
       Potion            ||     1
Armor: Robe              ||    14
Dodge: Dodged            ||    32
